 Dungeon Crawl Stone Soup version 0.29.0-11-gd7f09526c8 (webtiles) character file.

Game seed: 5103067268683849913

13078 wingedge the Destroyer (level 11, -14/92 HPs)
             Began as a Demigod Conjurer on Sept 6, 2022.
             Killed from afar by Jorgrun (51 damage)
             ... with an iron shot
             ... on level 12 of the Dungeon.
             The game lasted 01:18:42 (13471 turns).

wingedge the Destroyer (Demigod Conjurer)          Turns: 13471, Time: 01:18:44

Health: -14/92     AC: 10    Str: 12    XL:     11   Next: 43%
Magic:  0/25       EV: 12    Int: 28    God:
Gold:   537        SH:  0    Dex: 12    Spells: 8/24 levels left

rFire   . . .      SeeInvis .   a - +7 sling of the Burning God {venom, Will+ Stlth+}
rCold   . . .      Faith    .   (no shield)
rNeg    . . .      Spirit   .   i - +0 troll leather armour
rPois   .          Reflect  .   l - +0 helmet
rElec   .          Harm     .   Q - +2 cloak
rCorr   +          Rampage  .   (no gloves)
Will    ++...                   j - +0 pair of boots
Stlth   +++.......              L - amulet of regeneration
HPRegen 1.85/turn               O - ring of resist corrosion
MPRegen 0.19/turn               P - +4 ring of evasion

@: grasped by roots, constricted
A: high MP 1, forlorn, divine attributes
a: no special abilities


You were on level 12 of the Dungeon.
You visited 2 branches of the dungeon, and saw 13 of its levels.

You collected 945 gold pieces.
You spent 408 gold pieces at shops.

Inventory:

Hand Weapons
 a - the +7 sling of the Burning God (weapon) {venom, Will+ Stlth+}
   (You found it on level 2 of the Dungeon)

   Any ammunition fired from it poisons the flesh of those it strikes.
   Will:      It increases your willpower.
   Stlth:     It makes you more stealthy.
 b - the +9 morningstar "Orb Guardian's Peril" {spect, Str+3}
   (You bought it in a shop on level 2 of the Dungeon)

   When its wielder attacks, the weapon's spirit leaps out and strikes again.
   The spirit shares a part of any damage it takes with its wielder.
   Str:       It affects your strength (+3).
 c - the +4 hand axe "Eniuq" {speed, *Slow rN+++ Dex-4 Stlth+}
   (You bought it in a shop on level 2 of the Dungeon)

   Attacks with this weapon are significantly faster.
   Dex:       It affects your dexterity (-4).
   rN:        It renders you almost immune to negative energy.
   *Slow:     It may slow you when you take damage.
   Stlth:     It makes you more stealthy.
 e - a +2 dagger of venom
Missiles
 h - 12 boomerangs
 u - 29 poisoned darts
 v - 8 silver boomerangs
 x - 3 javelins
 C - 5 throwing nets
 V - a curare-tipped dart
Armour
 i - a +0 troll leather armour (worn)
 j - a +0 pair of boots (worn)
 l - a +0 helmet (worn)
 G - the +1 chain mail of Amelioration {rCorr Str-5 SInv}
   (You found it on level 6 of the Dungeon)

   Str:       It affects your strength (-5).
   SInv:      It lets you see invisible.
   rCorr:     It protects you from acid and corrosion.
 K - a scarf of invisibility
 M - the +1 plate armour of Yhof Boh {rPois Str+4}
   (You found it on level 8 of the Dungeon)

   Str:       It affects your strength (+4).
   rPois:     It protects you from poison.
 Q - a +2 cloak (worn)
Magical Staves
 r - a staff of air
Jewellery
 L - an amulet of regeneration (around neck)
 O - a ring of resist corrosion (left hand)
 P - a +4 ring of evasion (right hand)
Wands
 y - a wand of roots (13)
 F - a wand of charming (26)
 I - a wand of flame (22)
 U - a wand of polymorph (2)
Scrolls
 f - 3 scrolls of torment
 g - a scroll of fear
 k - 4 scrolls of immolation {unknown}
 m - a scroll of identify
 n - 2 scrolls of enchant armour {unknown}
 p - 2 scrolls of brand weapon
 z - 2 scrolls of magic mapping
 B - a scroll of silence
 D - a scroll of teleportation
 J - 3 scrolls of blinking {unknown}
 R - a scroll of vulnerability {unknown}
 S - 2 scrolls of butterflies
Potions
 d - 3 potions of might
 o - 2 potions of resistance {unknown}
 q - a potion of degeneration {unknown}
 s - 3 potions of attraction {unknown}
 t - 4 potions of lignification
 w - 4 potions of curing
 A - 2 potions of mutation {unknown}
 E - 3 potions of haste {unknown}
 H - 2 potions of cancellation {unknown}
 N - 4 potions of ambrosia {unknown}
 T - 2 potions of brilliance {unknown}


   Skills:
 - Level 7.0 Fighting
 - Level 2.0 Maces & Flails
 - Level 1.0 Ranged Weapons
 - Level 1.0 Throwing
 - Level 6.0 Armour
 - Level 2.0 Dodging
 - Level 2.0 Stealth
 - Level 7.0 Spellcasting
 - Level 10.0 Conjurations
 - Level 5.0 Hexes
 - Level 2.0 Translocations
 + Level 4.0 Ice Magic
 + Level 4.0 Air Magic
 - Level 1.0 Evocations


You had 8 spell levels left.
You knew the following spells:

 Your Spells              Type           Power      Damage    Failure   Level
a - Magic Dart            Conj           100%       1d8       1%          1
b - Searing Ray           Conj           100%       2d8       1%          2
c - Fulminant Prism       Conj/Hex       25%        3d14      3%          4
d - Iskenderun's Mystic   Conj/Tloc      43%        2d10      5%          4
e - Freezing Cloud        Conj/Ice/Air   21%        6-21      16%         5

Your spell library contained the following spells:

 Spells                   Type           Power      Damage    Failure   Level
 Freeze                   Ice            100%       1d11      1%          1
 Dazzling Flash           Conj/Hex       100%       N/A       1%          3
 Tukima's Dance           Hex            37%        N/A       2%          3
 Frozen Ramparts          Ice            64%        1d10      3%          3
 Mephitic Cloud           Conj/Pois/Air  35%        N/A       3%          3
 Hailstorm                Conj/Ice       49%        3d11      3%          4
 Poisonous Vapours        Pois/Air       42%        N/A       4%          2
 Portal Projectile        Hex/Tloc       58%        N/A       4%          3
 Sting                    Tmut/Pois      36%        1d4       7%          1
 Ignite Poison            Fire/Tmut/Pois 9%         N/A       21%         3
 Olgreb's Toxic Radiance  Pois           9%         N/A       54%         4
 Blade Hands              Tmut           4%         N/A       88%         5


Dungeon Overview and Level Annotations

Branches:
Dungeon (12/15)            Temple (1/1) D:7            Lair (0/5) D:8
    Orc (0/2) D:10

Shops:
D:2 (

Annotations:
D:12 Jorgrun


Innate Abilities, Weirdness & Mutations

You have an increased reservoir of magic. (+10% MP)
You shall have no god before yourself.
Your divine heritage dramatically boosts your attributes as you level up.


Message History

Okay, then.
Fire: a) +7 sling of the Burning God {venom, Will+ Stlth+}
Press: ? - help, Q - select action, (/) - cycle Shift-Dir - straight line, f - Jorgrun
Aim: Jorgrun, wielding a +0 vorpal quarterstaff and wearing a +0 robe (freezing vapour, heavily wounded, 51% to hit)
You shoot a sling bullet. The sling bullet hits Jorgrun.
Jorgrun is poisoned.
Jorgrun is heavily wounded.
Jorgrun is engulfed in freezing vapours.
Jorgrun casts a spell at you.
Roots burst forth from the earth!
The grasping roots grab you! The grasping roots constrict you!
Fire: a) +7 sling of the Burning God {venom, Will+ Stlth+}
Press: ? - help, Q - select action, (/) - cycle Shift-Dir - straight line, f/p - Jorgrun
Aim: Jorgrun, wielding a +0 vorpal quarterstaff and wearing a +0 robe (freezing vapour, severely wounded, very poisoned, 51% to hit)
You shoot a sling bullet. The sling bullet barely misses Jorgrun.
Jorgrun is engulfed in freezing vapours.
Jorgrun gestures next to you while chanting.
The metal wall shatters!
The blast of metal fragments hits you!! The grasping roots constrict you.
Jorgrun is engulfed in freezing vapours.
The grasping roots constrict you!
Okay, then.
Casting: Freezing Cloud (dangerous; 16% risk of failure)
Confirm with . or Enter, or press ? or * to list all spells.
Okay, then.
Fire: a) +7 sling of the Burning God {venom, Will+ Stlth+}
Press: ? - help, Q - select action, (/) - cycle Shift-Dir - straight line, f/p - Jorgrun
Aim: Jorgrun, wielding a +0 vorpal quarterstaff and wearing a +0 robe (almost dead, very poisoned, 51% to hit)
You shoot a sling bullet.
The sling bullet closely misses Jorgrun.
The grasping roots constrict you!
Casting: Freezing Cloud (dangerous; 16% risk of failure)
Confirm with . or Enter, or press ? or * to list all spells.
Aiming: Freezing Cloud (dangerous; 16% risk of failure)
Press: ? - help, Dir - move target, p - Jorgrun Jorgrun is engulfed in freezing vapours.
Jorgrun casts a spell at you. The iron shot hits you!!!
Ouch! That really hurt!
You die...

#.# #.#####.#.# #.....#.###.#
..# #.......#.#####....#.###.#
### #########......###.......#
####.####.# ##...####
##########......##.# #...######
#................#.# #.........
#.....>.##.##.#..#.####....####.
#.<.....##.##.#..#§§§§☼.........
#..........##..@§§§g§§§........<
#.......##......##§§.§§.........
#.............#########....####.
#.......#####.## #.#.....
######### #..# .###.### ##.# #
.## #.# ..# # #.###### #.# #
#......# #.#


You could see Jorgrun (very poisoned).

Vanquished Creatures
  A hydra (D:12)
  A two-headed ogre (D:9)
  A deep elf pyromancer (D:12)
  An ugly thing (D:9)
  2 manticores
  A gargoyle (D:11)
  2 kobold demonologists
  A komodo dragon (D:8)
  An unseen horror (D:12)
  2 trolls
  5 slime creatures (D:12)
  3 shadows
  A wyvern (D:8)
  2 vampires
  2 wraiths
  11 yaks
  A steam dragon (D:10)
  Grum (D:10)
  Menkaure (D:5)
  Duvessa (D:5)
  3 orc warriors
  3 wolves (D:10)
  3 ogres
  A sky beast (D:7)
  3 centaurs
  A phantom (D:10)
  3 kobold brigands
  A bullfrog (D:6)
  A necrophage (D:6)
  3 gnoll sergeants
  4 scorpions
  3 wights (D:10)
  Dowan (D:5)
  6 killer bees (D:9)
  2 troll zombies (D:10)
  2 electric eels (D:6)
  5 howler monkeys
  3 hounds
  3 gnoll boudas
  4 orc priests
  3 jellies
  4 iguanas
  10 orc wizards
  6 ogre zombies (D:10)
  28 gnolls
  11 adders
  A shadow imp (D:7)
  An ufetubus (D:4)
  2 worms
  3 dart slugs
  19 orcs
  4 ball pythons
  11 endoplasms
  5 giant cockroaches
  22 goblins
  11 hobgoblins
  4 jackals (D:3)
  2 quokkas
  9 bats
  6 frilled lizards
  6 goblin zombies (D:10)
  2 hobgoblin skeletons (D:10)
  5 hobgoblin zombies (D:10)
  26 kobolds
  3 orc skeletons (D:10)
  9 orc zombies (D:10)
  9 rats
  A butterfly (D:7)
319 creatures vanquished.

Vanquished Creatures (others)
  5 demonic plants (D:5)
  71 fulminant prisms
  14 plants
90 creatures vanquished.

Grand Total: 409 creatures vanquished

Notes
Turn   | Place    | Note
-------+----------+-------------------------------------------
     0 | D:1      | wingedge the Demigod Conjurer began the quest for the Orb.
     0 | D:1      | Reached XP level 1. HP: 14/14 MP: 5/5
    65 | D:1      | Reached skill level 1 in Fighting
   280 | D:1      | Reached skill level 1 in Throwing
   371 | D:1      | Reached XP level 2. HP: 23/23 MP: 4/7
   658 | D:1      | Learned a level 2 spell: Searing Ray
  1159 | D:2      | Reached XP level 3. HP: 29/29 MP: 2/8
  1272 | D:2      | Reached skill level 1 in Hexes
  1494 | D:2      | Reached XP level 4. HP: 36/36 MP: 2/9
  1848 | D:2      | Learned a level 4 spell: Fulminant Prism
  1987 | D:2      | Found Faun's Antique Weapon Shop.
  2536 | D:2      | Identified the +7 sling of the Burning God {venom, Will+
                  | Stlth+}
  3294 | D:3      | Reached XP level 5. HP: 41/41 MP: 10/10
  3408 | D:2      | Bought a steaming hand axe for 192 gold pieces
  3408 | D:2      | Identified the +4 hand axe "Eniuq" {speed, *Slow rN+++
                  | Dex-4 Stlth+} (You bought it in a shop on level 2 of the
                  | Dungeon)
  3532 | D:4      | Reached skill level 1 in Ranged Weapons
  3532 | D:4      | Reached skill level 4 in Conjurations
  3549 | D:4      | Noticed an ogre
  3555 | D:4      | Killed an ogre
  3764 | D:4      | Reached XP level 6. HP: 48/48 MP: 11/11
  4212 | D:5      | Entered Level 5 of the Dungeon
  4214 | D:5      | Reached skill level 5 in Conjurations
  4496 | D:5      | Noticed Menkaure
  4506 | D:5      | Killed Menkaure
  4507 | D:5      | Reached skill level 5 in Hexes
  4507 | D:5      | Reached XP level 7. HP: 14/56 MP: 2/13
  4678 | D:5      | Noticed Duvessa
  4685 | D:5      | Noticed Dowan
  4686 | D:5      | Killed Duvessa
  4687 | D:5      | Reached skill level 1 in Armour
  4695 | D:5      | Killed Dowan
  5017 | D:5      | Learned a level 4 spell: Iskenderun's Mystic Blast
  5054 | D:5      | Reached skill level 6 in Conjurations
  5318 | D:6      | Reached skill level 1 in Translocations
  5359 | D:6      | Reached XP level 8. HP: 63/63 MP: 11/15
  5423 | D:6      | Identified the +1 chain mail of Amelioration {rCorr Str-5
                  | SInv}
  5762 | D:6      | Reached skill level 7 in Conjurations
  6682 | D:7      | Reached skill level 1 in Ice Magic
  6682 | D:7      | Reached skill level 1 in Air Magic
  6682 | D:7      | Reached skill level 1 in Evocations
  6828 | D:7      | Found a staircase to the Ecumenical Temple.
  6836 | Temple   | Entered the Ecumenical Temple
  7447 | D:8      | Found a staircase to the Lair.
  7448 | D:8      | Noticed a komodo dragon
  7467 | D:8      | Killed a komodo dragon
  7468 | D:8      | Reached XP level 9. HP: 71/71 MP: 4/18
  7609 | D:8      | Reached skill level 8 in Conjurations
  7615 | D:8      | Learned a level 5 spell: Freezing Cloud
  7683 | D:8      | Identified the +1 plate armour of Yhof Boh {rPois Str+4}
  8128 | D:9      | Noticed a purple ugly thing
  8144 | D:9      | Killed a purple ugly thing
  8153 | D:9      | Reached skill level 5 in Spellcasting
  8330 | D:9      | Noticed a two-headed ogre
  8343 | D:9      | Killed a two-headed ogre
  8344 | D:9      | Reached skill level 5 in Fighting
  8384 | D:9      | Noticed a kobold demonologist
  8385 | D:9      | Noticed a kobold demonologist
  8402 | D:8      | Killed a kobold demonologist
  8586 | D:9      | Killed a kobold demonologist
  8587 | D:9      | Reached XP level 10. HP: 81/81 MP: 21/21
  9064 | D:9      | Reached skill level 9 in Conjurations
  9308 | D:10     | Entered Level 10 of the Dungeon
  9443 | D:10     | Noticed a manticore
  9458 | D:10     | Killed a manticore
  9459 | D:10     | Reached skill level 5 in Armour
  9868 | D:10     | Noticed Grum
  9873 | D:10     | Killed Grum
 10345 | D:2      | Bought a masterwork morningstar for 216 gold pieces
 10345 | D:2      | Identified the +9 morningstar "Orb Guardian's Peril"
                  | {spect, Str+3} (You bought it in a shop on level 2 of the
                  | Dungeon)
 10638 | D:10     | Found a staircase to the Orcish Mines.
 10719 | D:10     | Reached skill level 1 in Maces & Flails
 11779 | D:11     | Reached XP level 11. HP: 87/89 MP: 15/24
 13103 | D:12     | Noticed a deep elf pyromancer
 13107 | D:12     | Killed a deep elf pyromancer
 13263 | D:12     | Noticed a five-headed hydra
 13286 | D:12     | Reached skill level 10 in Conjurations
 13292 | D:12     | Killed a five-headed hydra
 13460 | D:12     | Noticed Jorgrun
 13471 | D:12     | Killed from afar by Jorgrun

Illustrated notes

Levels and vault maps discovered:
D:1:      minmay_arrival_checkered_box, layout_rooms
D:2:      cheibrodos_greedy_goblins, layout_basic, serial_shops,
          nicolae_shop_stone, basic_altar, hex_large, serial_bayou_pond_d,
          hangedman_decor_push, nrook_mini_backslash, minmay_pentomino_pile
D:3:      layout_loops_ring, mainiacjoe_overflow_cross_hatched,
          lemuel_doored_altar, hellmonk_ecumenical_altar_leap_of_faith
D:4:      layout_basic, elyvilon_altar_1, nicolae_ru_the_path_less_chosen,
          minmay_ogre_servants
D:5:      layout_rooms, dreamdust_princess_corridor, nicolae_underground_beach,
          uniq_duvessa, uniq_menkaure
D:6:      layout_layer_cave, mainiacjoe_overflow_alcove_4, serial_bayou,
          serial_bayou_lake_a, serial_bayou_shore_b, serial_bayou_ford_a,
          serial_bayou_crossing
D:7:      layout_basic, minmay_temple_entry_butterflies
D:8:      layout_cave_pools, mainiacjoe_overflow_surrounded_room, minitemple,
          david_lair_shrubbed
D:9:      layout_irregular_city
D:10:     layout_irregular_city, worldfamousw_hep_ancestral_shrine,
          zombieorc2_lemuel, uniq_grum
D:11:     layout_basic, small_statue_intersection
D:12:     layout_loops_cross, uniq_jorgrun
Temple:   dshaligram_water_room_temple

Skill      XL: |  1  2  3  4  5  6  7  8  9 10 11 |
---------------+----------------------------------+-----
Fighting       | 1 2 3 4 5 6 7 |  7.0
Throwing       | 1 |  1.0
Spellcasting   | 2 3 4 5 6 7 |  7.0
Stealth        | 2 |  2.0
Dodging        | 2 |  2.0
Hexes          | 1 3 4 5 |  5.0
Ranged Weapons | 1 |  1.0
Conjurations   | 4 5 6 7 8 9 10 | 10.0
Armour         | 1 2 4 6 |  6.0
Translocations | 2 |  2.0
Ice Magic      | 2 3 4 |  4.0
Air Magic      | 2 3 4 |  4.0
Evocations     | 1 |  1.0
Maces & Flails | 1 2 |  2.0

Action                   |  1- 3 |  4- 6 |  7- 9 | 10-12 || total
-------------------------+-------+-------+-------+-------++-------
Melee: Hand axe          |       |     1 |       |       ||     1
       Dagger            |       |       |     7 |       ||     7
       Staff             |       |       |     3 |       ||     3
       Sling             |       |       |       |     1 ||     1
 Fire: Sling             |    12 |    84 |   176 |   213 ||   485
       Arbalest          |       |       |       |     1 ||     1
Throw: Boomerang         |     1 |       |       |       ||     1
       Dart              |       |       |     1 |       ||     1
       Throwing net      |       |       |       |     1 ||     1
 Cast: Magic Dart        |    62 |    18 |       |     1 ||    81
       Searing Ray       |     5 |    13 |    15 |     6 ||    39
       Fulminant Prism   |       |     1 |    23 |    48 ||    72
       Iskenderun's Myst |       |       |       |    24 ||    24
       Freezing Cloud    |       |       |       |     9 ||     9
Evoke: Wand              |       |     3 |       |       ||     3
  Use: Scroll            |       |       |     9 |     4 ||    13
       Potion            |       |       |     1 |     3 ||     4
Armor: Leather armour    |     6 |    12 |    29 |       ||    47
       Troll leather arm |       |       |       |    16 ||    16
Dodge: Dodged            |     9 |    18 |    67 |    50 ||   144
